SL
THUNDER BAY NORTHERN LIONS BC @ NORTHERN VIRGINIA RAINBOW MERMAIDS
08/11/2037
 
TOP OF THE 1ST
Thunder Bay Northern Lions BC batting - Pitching for Northern Virginia Rainbow Mermaids : LHP Maxime Janssens
Pitching: LHP Maxime Janssens
Batting: RHB Miracle Crimes 0-0: Ball
1-0: Ball
2-0: Called Strike
2-1: Foul Ball, location: 2F
2-2: Foul Ball, location: 2F
2-2: DOUBLE (Line Drive, 7LM, EV 111.9 MPH)
Batting: RHB Joe Aller 0-0: Ball
Miracle Crimes steals 3rd base
1-0: Called Strike
1-1: Foul Ball, location: 2F
1-2: Ground out U3 (Groundball, 34, EV 98.1 MPH)
Miracle Crimes scores
Batting: LHB Jorge Herrera 0-0: Called Strike
0-1: Ball
1-1: Called Strike
1-2: Fly out, F8 (Flyball, 8LXD, EV 95.0 MPH)
Batting: RHB Domingo Altamiraño 0-0: Called Strike
0-1: Ball
1-1: Ball
2-1: Ball
3-1: Base on Balls
Batting: RHB Jason Slaybaugh 0-0: Called Strike
0-1: Ball
Domingo Altamiraño steals 2nd base
1-1: Foul Ball, location: 2F
1-2: Fly out, F7 (Flyball, 78M, EV 79.4 MPH)
Top of the 1st over - 1 run, 1 hit, 0 errors, 1 left on base; Thunder Bay 1 - Northern Virginia 0
BOTTOM OF THE 1ST
Northern Virginia Rainbow Mermaids batting - Pitching for Thunder Bay Northern Lions BC : RHP Ralph DePalma
Pitching: RHP Ralph DePalma
Batting: SHB Shiki Sanu 0-0: Called Strike
0-1: Swinging Strike
0-2: Ball
1-2: Ball
2-2: Ball
3-2: Ground out 6-3 (Groundball, 6M, EV 80.0 MPH)
Batting: LHB Jason Schneider 0-0: Fly out, F8 (Flyball, 8LM, EV 89.4 MPH)
Batting: RHB Daniel McCoy 0-0: SINGLE (Groundball, 56D, EV 95.0 MPH)
Batting: LHB Dewitt Hopper 0-0: Ball
1-0: Ball
2-0: Called Strike
2-1: Swinging Strike
2-2: Fly out, F7 (Flyball, 7, EV 78.8 MPH)
Bottom of the 1st over - 0 runs, 1 hit, 0 errors, 1 left on base; Thunder Bay 1 - Northern Virginia 0
TOP OF THE 2ND
Thunder Bay Northern Lions BC batting - Pitching for Northern Virginia Rainbow Mermaids : LHP Maxime Janssens
Batting: LHB Ramón Padilla 0-0: Called Strike
0-1: Foul Ball, location: 2F
0-2: Foul Ball, location: 2F
0-2: Ball
1-2: Strikes out swinging, 2-3 out at first.
Batting: RHB Charles Josse 0-0: Ball
1-0: Foul Ball, location: 2F
1-1: Ball
2-1: Ball
3-1: Foul Ball, location: 2F
3-2: Base on Balls
Batting: LHB Sébastien Cornu 0-0: Ball
1-0: Ball
2-0: Called Strike
2-1: Called Strike
2-2: Ball
3-2: Fly out, F9 (Flyball, 89S, EV 93.8 MPH)
Batting: LHB Barry Flauker 0-0: Called Strike
0-1: Ball
1-1: Foul Ball, location: 2F
1-2: Ball
2-2: SINGLE (Groundball, 56D, EV 98.1 MPH)
Charles Josse to second
Batting: RHB Miracle Crimes 0-0: Ball
1-0: Ball
2-0: Called Strike
2-1: DOUBLE (Groundball, 5L, EV 102.5 MPH)
Charles Josse scores
Barry Flauker to third
Runner from 3rd tries for Home, throw by LF and OUT! 7-6-2
Top of the 2nd over - 1 run, 2 hits, 0 errors, 1 left on base; Thunder Bay 2 - Northern Virginia 0
BOTTOM OF THE 2ND
Northern Virginia Rainbow Mermaids batting - Pitching for Thunder Bay Northern Lions BC : RHP Ralph DePalma
Batting: RHB Zahid Kashani 0-0: Foul Ball, location: 2F
0-1: Foul Ball, location: 2F
0-2: Ball
1-2: Ball
2-2: Ball
3-2: Strikes out swinging
Batting: RHB Tony Calhoun 0-0: Swinging Strike
0-1: Called Strike
0-2: Strikes out swinging
Batting: LHB Owen Sharts 0-0: Called Strike
0-1: Called Strike
0-2: DOUBLE (Line Drive, 7LM, EV 92.5 MPH)
Batting: RHB Felix Plugge 0-0: Called Strike
0-1: Called Strike
0-2: Ball
1-2: Foul Ball, location: 2F
1-2: Strikes out swinging
Bottom of the 2nd over - 0 runs, 1 hit, 0 errors, 1 left on base; Thunder Bay 2 - Northern Virginia 0
TOP OF THE 3RD
Thunder Bay Northern Lions BC batting - Pitching for Northern Virginia Rainbow Mermaids : LHP Maxime Janssens
Batting: RHB Joe Aller 0-0: Ball
1-0: Swinging Strike
1-1: Ball
2-1: Fly out, F6 (Popup, 6MS, EV 71.2 MPH)
Batting: LHB Jorge Herrera 0-0: Called Strike
0-1: SINGLE (Groundball, 34D, EV 106.9 MPH)
Batting: RHB Domingo Altamiraño 0-0: Ball
1-0: Called Strike
1-1: Ball
2-1: Ball
3-1: Base on Balls
Jorge Herrera to second
Batting: RHB Jason Slaybaugh 0-0: Called Strike
0-1: Ball
1-1: Swinging Strike
1-2: 3-RUN HOME RUN (Flyball, 89XD, EV 91.9 MPH), Distance : 423 ft
Batting: LHB Ramón Padilla 0-0: Called Strike
0-1: Swinging Strike
0-2: Foul Ball, location: 2F
0-2: Fly out, F9 (Flyball, 89M, EV 84.4 MPH)
Batting: RHB Charles Josse 0-0: Ball
1-0: Ball
2-0: Ball
3-0: Base on Balls
Batting: LHB Sébastien Cornu 0-0: Called Strike
0-1: SINGLE (Groundball, 6D, EV 95.6 MPH)
Charles Josse to second
Batting: LHB Barry Flauker 0-0: Called Strike
0-1: Swinging Strike
0-2: Ball
1-2: Ground out U3 (Groundball, 3, EV 111.2 MPH)
Top of the 3rd over - 3 runs, 3 hits, 0 errors, 2 left on base; Thunder Bay 5 - Northern Virginia 0
BOTTOM OF THE 3RD
Northern Virginia Rainbow Mermaids batting - Pitching for Thunder Bay Northern Lions BC : RHP Ralph DePalma
Batting: RHB Steven Rohrs 0-0: Ground out 4-3 (Groundball, 4, EV 90.6 MPH)
Batting: SHB Shiki Sanu 0-0: Called Strike
0-1: Ball
1-1: Foul Ball, location: 2F
1-2: SINGLE (Groundball, 34D, EV 97.5 MPH)
Batting: LHB Jason Schneider 0-0: Called Strike
0-1: Foul Ball, location: 2F
0-2: Strikes out swinging
Batting: RHB Daniel McCoy 0-0: Ball
1-0: Fielders Choice at 2nd, 6-4 (Groundball, 6, EV 78.1 MPH)
Bottom of the 3rd over - 0 runs, 1 hit, 0 errors, 1 left on base; Thunder Bay 5 - Northern Virginia 0
TOP OF THE 4TH
Thunder Bay Northern Lions BC batting - Pitching for Northern Virginia Rainbow Mermaids : LHP Maxime Janssens
Batting: RHB Miracle Crimes 0-0: SINGLE (Groundball, 6, EV 80.6 MPH) (infield hit)
Batting: RHB Joe Aller 0-0: Called Strike
0-1: Foul Ball, location: 2F
0-2: Foul Ball, location: 2F
0-2: Ball
1-2: Foul Ball, location: 2F
1-2: SINGLE (Flyball, 8RS, EV 95.6 MPH)
Miracle Crimes to second
Runner from 2nd tries for 3rd, SAFE, no throw by CF
Batting: LHB Jorge Herrera 0-0: Ball
Joe Aller steals 2nd base
1-0: Ball
2-0: Foul Ball, location: 2F
2-1: Foul Ball, location: 2F
2-2: Foul Ball, location: 2F
2-2: Strikes out swinging
Batting: RHB Domingo Altamiraño 0-0: Ball
1-0: Ball
2-0: Foul Ball, location: 2F
2-1: SINGLE (Line Drive, 5D, EV 108.8 MPH)
Miracle Crimes scores
Joe Aller to third
Runner from 3rd tries for Home, SAFE, no throw by LF
Pitching: RHP Kingston Liniak
Batting: RHB Jason Slaybaugh 0-0: Foul Ball, location: 2F
0-1: Called Strike
0-2: Ball
1-2: Fly out, F9 (Flyball, 9D, EV 85.6 MPH)
Batting: LHB Ramón Padilla 0-0: Called Strike
0-1: TRIPLE (Line Drive, 9D, EV 110.6 MPH)
Domingo Altamiraño scores
Batting: RHB Charles Josse 0-0: Foul Ball, location: 2F
0-1: Ball
1-1: Ground out 6-3 (Groundball, 6, EV 88.1 MPH)
Top of the 4th over - 3 runs, 4 hits, 0 errors, 1 left on base; Thunder Bay 8 - Northern Virginia 0
BOTTOM OF THE 4TH
Northern Virginia Rainbow Mermaids batting - Pitching for Thunder Bay Northern Lions BC : RHP Ralph DePalma
Batting: LHB Dewitt Hopper 0-0: Swinging Strike
0-1: Called Strike
0-2: Ball
1-2: SINGLE (Line Drive, 78S, EV 90.0 MPH)
Batting: RHB Zahid Kashani 0-0: Ball
1-0: Called Strike
1-1: Called Strike
1-2: Grounds into double play, 6-4-3 (Groundball, 6, EV 86.9 MPH)
Batting: RHB Tony Calhoun 0-0: Called Strike
0-1: Swinging Strike
0-2: Fly out, F7 (Flyball, 78D, EV 101.9 MPH)
Bottom of the 4th over - 0 runs, 1 hit, 0 errors, 0 left on base; Thunder Bay 8 - Northern Virginia 0
TOP OF THE 5TH
Thunder Bay Northern Lions BC batting - Pitching for Northern Virginia Rainbow Mermaids : RHP Kingston Liniak
Batting: LHB Sébastien Cornu 0-0: Ball
1-0: Foul Ball, location: 2F
1-1: Ball
2-1: Foul Ball, location: 2F
2-2: Fly out, F8 (Line Drive, 8RM, EV 95.0 MPH)
Batting: LHB Barry Flauker 0-0: Ball
1-0: Ball
2-0: Ball
3-0: Base on Balls
Batting: RHB Miracle Crimes 0-0: Ball
Barry Flauker steals 2nd base
1-0: Ball
2-0: Fly out, F8 (Flyball, 8RM, EV 91.2 MPH)
Batting: RHB Joe Aller 0-0: Ball
1-0: Fly out, F8 (Flyball, 8RXD, EV 90.0 MPH)
Top of the 5th over - 0 runs, 0 hits, 0 errors, 1 left on base; Thunder Bay 8 - Northern Virginia 0
BOTTOM OF THE 5TH
Northern Virginia Rainbow Mermaids batting - Pitching for Thunder Bay Northern Lions BC : RHP Ralph DePalma
Batting: LHB Owen Sharts 0-0: Called Strike
0-1: Called Strike
0-2: Ball
1-2: Ball
2-2: Foul Ball, location: 2F
2-2: Foul Ball, location: 2F
2-2: Ball
3-2: SINGLE (Line Drive, 5D, EV 96.9 MPH)
Batting: RHB Felix Plugge 0-0: Ball
Owen Sharts is caught stealing 2nd base 2-4
1-0: Called Strike
1-1: Called Strike
1-2: Strikes out swinging
Batting: RHB Steven Rohrs 0-0: Ball
1-0: Ball
2-0: Fly out, F8 (Flyball, 89D, EV 96.2 MPH)
Bottom of the 5th over - 0 runs, 1 hit, 0 errors, 0 left on base; Thunder Bay 8 - Northern Virginia 0
TOP OF THE 6TH
Thunder Bay Northern Lions BC batting - Pitching for Northern Virginia Rainbow Mermaids : RHP Kingston Liniak
Batting: LHB Jorge Herrera 0-0: Called Strike
0-1: Ball
1-1: Ball
2-1: Ball
3-1: Base on Balls
Batting: RHB Domingo Altamiraño 0-0: Ball
1-0: Swinging Strike
1-1: Foul Ball, location: 2F
1-2: Strikes out swinging
Batting: RHB Jason Slaybaugh 0-0: Called Strike
Jorge Herrera is caught stealing 2nd base 2-4
0-1: SINGLE (Popup, 3D, EV 71.2 MPH)
Batting: LHB Ramón Padilla 0-0: Ball
1-0: Ball
2-0: Ball
3-0: Called Strike
3-1: Foul Ball, location: 2F
3-2: Fly out, F4 (Popup, 4, EV 58.8 MPH)
Top of the 6th over - 0 runs, 1 hit, 0 errors, 1 left on base; Thunder Bay 8 - Northern Virginia 0
BOTTOM OF THE 6TH
Northern Virginia Rainbow Mermaids batting - Pitching for Thunder Bay Northern Lions BC : RHP Ralph DePalma
Batting: SHB Shiki Sanu 0-0: Swinging Strike
0-1: Swinging Strike
0-2: Foul Ball, location: 2F
0-2: Strikes out swinging
Pitching: RHP Manuel Delgadillo
Batting: LHB Jason Schneider 0-0: Called Strike
0-1: Ball
1-1: Swinging Strike
1-2: Strikes out swinging
Batting: RHB Daniel McCoy 0-0: Foul Ball, location: 2F
0-1: Hit by Pitch
Batting: LHB Dewitt Hopper 0-0: SINGLE (Groundball, 4D, EV 95.0 MPH)
Daniel McCoy to second
Batting: RHB Zahid Kashani 0-0: Called Strike
0-1: Ball
1-1: Foul Ball, location: 2F
1-2: Ball
2-2: Strikes out swinging
Bottom of the 6th over - 0 runs, 1 hit, 0 errors, 2 left on base; Thunder Bay 8 - Northern Virginia 0
TOP OF THE 7TH
Thunder Bay Northern Lions BC batting - Pitching for Northern Virginia Rainbow Mermaids : RHP Kingston Liniak
Batting: RHB Charles Josse 0-0: Ball
1-0: Foul Ball, location: 2F
1-1: Called Strike
1-2: Ball
2-2: Ground out 6-3 (Groundball, 6, EV 86.9 MPH)
Pitching: RHP Keith Johnson
Batting: LHB Sébastien Cornu 0-0: Ball
1-0: Ball
2-0: Swinging Strike
2-1: Swinging Strike
2-2: Foul Ball, location: 2F
2-2: Strikes out swinging
Pinch Hitting: RHB Rafael Pueblo 0-0: Ball
1-0: Swinging Strike
1-1: Foul Ball, location: 2F
1-2: Foul Ball, location: 2F
1-2: Ball
2-2: Ground out 6-3 (Groundball, 6, EV 90.6 MPH)
Top of the 7th over - 0 runs, 0 hits, 0 errors, 0 left on base; Thunder Bay 8 - Northern Virginia 0
BOTTOM OF THE 7TH
Northern Virginia Rainbow Mermaids batting - Pitching for Thunder Bay Northern Lions BC : RHP Manuel Delgadillo
Now in CF: Rafael Pueblo
Batting: RHB Tony Calhoun 0-0: Ball
1-0: Ball
2-0: Called Strike
2-1: Fly out, F8 (Flyball, 8LM, EV 96.9 MPH)
Batting: LHB Owen Sharts 0-0: Ball
1-0: Ball
2-0: Ball
3-0: Called Strike
3-1: Called Strike
3-2: Strikes out swinging
Batting: RHB Felix Plugge 0-0: Fly out, F9 (Flyball, 89D, EV 106.2 MPH)
Bottom of the 7th over - 0 runs, 0 hits, 0 errors, 0 left on base; Thunder Bay 8 - Northern Virginia 0
TOP OF THE 8TH
Thunder Bay Northern Lions BC batting - Pitching for Northern Virginia Rainbow Mermaids : RHP Keith Johnson
Batting: RHB Miracle Crimes 0-0: Foul Ball, location: 2F
0-1: Swinging Strike
0-2: Strikes out swinging
Batting: RHB Joe Aller 0-0: Ball
1-0: Ball
2-0: Ball
3-0: Base on Balls
Batting: LHB Jorge Herrera 0-0: Fly out, F8 (Flyball, 8LS, EV 91.2 MPH)
Batting: RHB Domingo Altamiraño 0-0: Foul Ball, location: 2F
0-1: Fly out, F9 (Line Drive, 9, EV 110.6 MPH)
Top of the 8th over - 0 runs, 0 hits, 0 errors, 1 left on base; Thunder Bay 8 - Northern Virginia 0
BOTTOM OF THE 8TH
Northern Virginia Rainbow Mermaids batting - Pitching for Thunder Bay Northern Lions BC : RHP Manuel Delgadillo
Batting: RHB Steven Rohrs 0-0: Foul Ball, location: 2F
0-1: Ball
1-1: Swinging Strike
1-2: Strikes out swinging
Batting: SHB Shiki Sanu 0-0: Ball
1-0: Ball
2-0: Ball
3-0: Base on Balls
Batting: LHB Jason Schneider 0-0: Ball
1-0: Fly out, F5 (Popup, 15, EV 70.0 MPH)
Batting: RHB Daniel McCoy 0-0: Called Strike
0-1: Ball
1-1: Ball
2-1: Foul Ball, location: 2F
2-2: Strikes out looking
Bottom of the 8th over - 0 runs, 0 hits, 0 errors, 1 left on base; Thunder Bay 8 - Northern Virginia 0
TOP OF THE 9TH
Thunder Bay Northern Lions BC batting - Pitching for Northern Virginia Rainbow Mermaids : RHP Keith Johnson
Batting: RHB Jason Slaybaugh 0-0: Called Strike
0-1: Called Strike
0-2: Ball
1-2: Strikes out looking
Batting: LHB Ramón Padilla 0-0: Ball
1-0: Foul Ball, location: 2F
1-1: Ground out 4-3 (Groundball, 4, EV 88.1 MPH)
Batting: RHB Charles Josse 0-0: Called Strike
0-1: Ground out 4-3 (Groundball, 4, EV 88.1 MPH)
Top of the 9th over - 0 runs, 0 hits, 0 errors, 0 left on base; Thunder Bay 8 - Northern Virginia 0
BOTTOM OF THE 9TH
Northern Virginia Rainbow Mermaids batting - Pitching for Thunder Bay Northern Lions BC : RHP Manuel Delgadillo
Batting: LHB Dewitt Hopper 0-0: Ball
1-0: Ground out 4-3 (Groundball, 34, EV 100.6 MPH)
Batting: RHB Zahid Kashani 0-0: Hit by Pitch
Batting: RHB Tony Calhoun 0-0: Called Strike
0-1: Foul Ball, location: 2F
0-2: Ball
1-2: Ball
2-2: Strikes out swinging
Batting: LHB Owen Sharts 0-0: Ball
1-0: Foul Ball, location: 2F
1-1: Ball
2-1: Ball
3-1: Base on Balls
Zahid Kashani to second
Batting: RHB Felix Plugge 0-0: Swinging Strike
0-1: Ball
1-1: Foul Ball, location: 2F
1-2: Ball
2-2: Ball
3-2: Base on Balls
Zahid Kashani to third
Owen Sharts to second
Batting: RHB Steven Rohrs 0-0: Foul Ball, location: 2F
0-1: Swinging Strike
0-2: Ball
1-2: Ball
2-2: Foul Ball, location: 2F
2-2: Ground out 5-3 (Groundball, 56S, EV 72.5 MPH)
Bottom of the 9th over - 0 runs, 0 hits, 0 errors, 3 left on base; Thunder Bay 8 - Northern Virginia 0
Thursday, January 23rd, 2020 - OOTP Baseball 20.8 Build 74